 Dungeon Crawl Stone Soup version 0.20-a0-464-g526fb3c (webtiles) character file.

435 kuniqs the Skirmisher (level 7, -2/56 HPs)
             Began as a Barachian Fighter on Jan 11, 2017.
             Slain by kuniqs's ghost (4 damage)
             ... on level 4 of the Dungeon.
             The game lasted 00:05:21 (2899 turns).

kuniqs the Skirmisher (Barachian Fighter)           Turns: 2899, Time: 00:05:21

Health: -2/56      AC:  6    Str: 17    XL:     7   Next: 0%
Magic:  7/7        EV: 12    Int:  6    God:
Gold:   182        SH:  7    Dex: 15    Spells: 6/6 levels left

rFire  . . .     SeeInvis .     a - +0 long sword
rCold  . . .     Gourm    .     h - +0 ring mail
rNeg   . . .     Faith    .     c - +0 shield
rPois  .         Spirit   .     (no helmet)
rElec  .         Reflect  .     (no cloak)
rCorr  .         Harm     .     g - +0 pair of gloves
MR     .....                    (no boots)
Stlth  ++........               (no amulet)
                                (no ring)
                                (no ring)

@: agile, very heavily drained, slow
A: swims, slowness 1, strong legs 1
a: Hop


You were on level 4 of the Dungeon.
You were very hungry.

You visited 1 branch of the dungeon, and saw 4 of its levels.

You collected 182 gold pieces.

Inventory:

Hand Weapons
 a - a +0 long sword (weapon)
 f - a +2 whip of venom
 l - a +0 dagger of venom
Armour
 c - a +0 shield (worn)
 g - a +0 pair of gloves (worn)
 h - a +0 ring mail (worn)
Scrolls
 m - a scroll of remove curse {@r2}
Potions
 b - a potion of cancellation
Comestibles
 d - 2 bread rations
 e - 2 meat rations
 i - a beef jerky


   Skills:
 + Level 5.2(0.0) Fighting
 + Level 4.8(0.0) Long Blades
 - Level 4.1(0.0) Armour
 - Level 1.3(0.0) Dodging
 + Level 4.4(0.0) Shields


You had 6 spell levels left.
You didn't know any spells.

Dungeon Overview and Level Annotations

Branches:
Dungeon (4/15)
 Temple: D:4-7

Altars:
Ashenzari
Dithmenos
Fedhas
Hepliaklqana
Qazlal

Annotations:
D:4 kuniqs's ghost, novice BaFi


Innate Abilities, Weirdness & Mutations

You can swim through water.
You cover ground slowly.
You can hop short distances.


Message History

* * * LOW HITPOINT WARNING * * *
You hit kuniqs's ghost but do no damage.
Kuniqs's ghost hits you.
* * * LOW HITPOINT WARNING * * *
You feel drained.
* * * LOW HITPOINT WARNING * * *
Kuniqs's ghost barely misses you.
You hit kuniqs's ghost but do no damage.
You block kuniqs's ghost's attack.
You closely miss kuniqs's ghost. Kuniqs's ghost barely misses you. x2
You completely miss kuniqs's ghost. Kuniqs's ghost hits you.
* * * LOW HITPOINT WARNING * * *
You feel drained.
* * * LOW HITPOINT WARNING * * *
You closely miss kuniqs's ghost. Kuniqs's ghost completely misses you.
Kuniqs's ghost barely misses you.
You riposte.
You hit kuniqs's ghost but do no damage.
Your shield prevents you from hitting kuniqs's ghost.
You block kuniqs's ghost's attack. Kuniqs's ghost hits you.
You die...

........# #.#...
####.#..# #....#
#.#..####### ##.#.#
#........... #.#.#
#.#..####### #.#..
#.#..#######. #....
#.#<..$...... .....
#.##..####### ###..
#.@Wl.# #..
#.###.##### #.. #.
#†#...## #.. #.
#......## #.. #.
#.......#####.. #.
#.......#......
#...........#.###..
#####..............
##....###.####.


You could see an iguana and kuniqs's ghost.

Vanquished Creatures
  Grinder (D:3)
  2 orc wizards
  4 gnolls (D:2)
  A howler monkey skeleton (D:4)
  5 adders
  A river rat (D:3)
  An ooze (D:3)
  2 dart slugs (D:2)
  3 leopard geckos
  5 orcs
  3 ball pythons
  11 bats
  6 giant cockroaches
  3 goblins (D:1)
  3 hobgoblins
  2 jackals (D:1)
  6 kobolds
  3 frilled lizards
  10 rats
72 creatures vanquished.

Notes
Turn   | Place    | Note
-------+----------+-------------------------------------------
     0 | D:1      | kuniqs the Barachian Fighter began the quest for the Orb.
     0 | D:1      | Reached XP level 1. HP: 18/18 MP: 1/1
   126 | D:1      | Reached XP level 2. HP: 24/24 MP: 2/2
   388 | D:1      | Reached XP level 3. HP: 20/29 MP: 3/3
   812 | D:2      | Reached skill level 1 in Dodging
   814 | D:2      | Reached XP level 4. HP: 35/37 MP: 4/4
  1177 | D:2      | Found a blossoming altar of Fedhas.
  1391 | D:2      | Reached skill level 4 in Fighting
  1590 | D:3      | Found a shadowy altar of Dithmenos.
  2025 | D:3      | Reached XP level 5. HP: 30/42 MP: 5/5
  2026 | D:3      | Found a shattered altar of Ashenzari.
  2063 | D:3      | Noticed Grinder
  2090 | D:3      | Paralysed by Grinder for 5 turns
  2110 | D:3      | Killed Grinder
  2110 | D:3      | Reached XP level 6. HP: 18/50 MP: 6/6
  2411 | D:3      | Found a hazy altar of Hepliaklqana.
  2411 | D:3      | Found a stormy altar of Qazlal.
  2442 | D:3      | Reached skill level 5 in Fighting
  2845 | D:4      | Noticed kuniqs's ghost (novice BaFi)
  2860 | D:4      | Reached XP level 7. HP: 53/56 MP: 7/7
  2897 | D:4      | HP: 2/56 [kuniqs's ghost (4)]
  2899 | D:4      | Slain by kuniqs's ghost

Vault maps used:
D:1:      grunt_arrival_lava_bath, patterned_corridor
D:2:      nicolae_overflow_crystal_walls
D:3:      nicolae_dithmenos_through_a_glass_darkly,
          amethyst_overflow_temple_binary, gup_sewer_entry_spiral,
          ashenzari_altar_1, uniq_grinder
D:4:      marbit_many_paths, lemuel_doored_altar

Skill      XL: |  1  2  3  4  5  6 |
---------------+-------------------+-----
Dodging        | 1 |  1.3
Armour         | 4 |  4.1
Long Blades    | 3 4 |  4.8
Fighting       | 4 5 |  5.2
Shields        | 4 |  4.4

Action                   |  1- 3 |  4- 6 |  7- 9 || total
-------------------------+-------+-------+-------++-------
Melee: Long sword        |   114 |     5 |    27 ||   146
       Whip              |       |   125 |    10 ||   135
 Abil: Hop               |       |     1 |       ||     1
  Use: Scroll            |     5 |     2 |       ||     7
       Potion            |     1 |     6 |     1 ||     8
  Eat: Chunk             |       |     7 |       ||     7
Armor: Ring mail         |    60 |    41 |     7 ||   108
       Scale mail        |     2 |       |       ||     2
Dodge: Dodged            |    64 |    43 |     9 ||   116
Block: Shield            |    77 |    52 |    18 ||   147
       Rpst.: Long sword |    29 |       |     3 ||    32
